 Dungeon Sprint DCSS version 0.30-a0-778-g2ef04afb54 (webtiles) character file.

Game seed: 11178617154911473648

28 BigDaddyOpFi the Trooper (level 3, -8/30 HPs)
             Began as a Demonspawn Fighter on Feb 16, 2023.
             Was a Believer of Qazlal.
             Mangled by a gnoll
             ... wielding a +2 flail of holy wrath
              (10 damage)
             ... in the Dungeon (Sprint VII: "The Pits").
             The game lasted 00:00:32 (229 turns).

BigDaddyOpFi the Trooper (Demonspawn Fighter)        Turns: 229, Time: 00:00:32

Health: -8/30      AC:  7    Str: 18    XL:     3   Next: 0%
Magic:  3/5        EV:  9    Int:  9    God:    Qazlal [**....]
Gold:   0          SH:  7    Dex: 12    Spells: 2/2 levels left

rFire   . . .      SeeInvis .    a - +0 war axe
rCold   . . .      Faith    .    c - +0 buckler
rNeg    . . .      Spirit   .    b - +0 scale mail
rPois   .          Reflect  .    (helmet restricted)
rElec   .          Harm     .    (no cloak)
rCorr   .          Rampage  .    (no gloves)
Will    .....      NoTele   +    (no boots) Stlth
                                 (no amulet)
HPRegen 0.25/turn                (no ring)
MPRegen 0.09/turn                (no ring)

@: no status effects
A: antennae 1, sharp scales 1
a: Renounce Religion, Upheaval


You were in the Dungeon.
You worshipped Qazlal.
Qazlal was pleased with you.
You visited 1 branch

Inventory:

Hand Weapons
 a - a +0 war axe (weapon)
Armour
 b - a +0 scale mail (worn)
 c - a +0 buckler (worn)
Scrolls
 j - a scroll of blinking
Potions
 d - a potion of might
 e - a potion of curing
 f - a potion of heal wounds
 g - a potion of haste
 h - 4 potions of magic
 i - 3 potions of berserk rage
 k - 2 potions of invisibility


   Skills:
 + Level 4.0 Fighting
 + Level 3.0 Axes
 + Level 3.6 Armour
 + Level 3.6 Shields
 * Level 2.9 Invocations


You had 2 spell levels left.
You didn't know any spells.
Your spell library was empty.

Dungeon Overview and Level Annotations

Branches:
Dungeon (1/1)

Altars:
Ashenzari
Cheibriados
Dithmenos
Fedhas
Gozag
Hepliaklqana
Kikubaaqudgha
Makhleb
Nemelex Xobeh
Okawaru
Qazlal
Ru
Sif Muna
Trog
Uskayaw
Vehumet
Wu Jian
Xom
Yredelemnul
Jiyva
Lugonu


Innate Abilities, Weirdness & Mutations

You have a pair of small antennae on your head.
You are partially covered in razor-sharp scales. (AC +1, Slay +1)


Message History

There is an open door here.
There is an open door here.
There is an open door here.
An ufetubus comes into view.
The ufetubus shouts!
The ufetubus hits you.
The ufetubus hits you but does no damage.
The gnoll barely misses you.
The ufetubus hits you but does no damage.
You block the ufetubus's attack.
There is an open door here.
You barely miss the gnoll. You miss the ufetubus.
The ufetubus hits you but does no damage.
The ufetubus barely misses you. The gnoll closely misses you.
A kobold comes into view. It is wielding a +0 dagger.
The ufetubus hits you but does no damage.
The ufetubus barely misses you.
You closely miss the gnoll. You hit the ufetubus. You block the gnoll's attack.
You block the ufetubus's attack. The ufetubus hits you.
The gnoll hits you with a +2 flail of holy wrath!
You convulse.
The ufetubus barely misses you. x2
You closely miss the gnoll. You hit the ufetubus.
You kill the ufetubus!
Qazlal accepts your kill.
You can now call upon nature to destroy your foes.
The gnoll hits you but does no damage.
Your Fighting skill increases to level 4!
Your Axes skill increases to level 3!
You have reached level 3!
Your experience leads to an increase in your attributes!
Increase (S)trength, (I)ntelligence, or (D)exterity?
You feel stronger. x2; Your demonic ancestry asserts itself...
A pair of antennae grows on your head!
You hit the gnoll.
The gnoll is lightly wounded.
You closely miss the orc. You barely miss the kobold.
The gnoll hits you with a +2 flail of holy wrath!
* * * LOW HITPOINT WARNING * * *
You convulse!
You die...

##########.##........
#....†......'........
#+#####'#####......#.
#..#..# #........
#..'..# ####'####
#..#### #.......#
#..# # #.......# #..#
.# #.......#
##@#..#+###...<...#
#Kgo.....##.......#
#........##.......#
###########.......#
#########


You could see a gnoll, an orc and a kobold.

Vanquished Creatures
  2 adders (D)
  An ufetubus (D)
  A bat (D)
  An endoplasm (D)
  A quokka (D)
  A frilled lizard (D)
7 creatures vanquished.

Notes
Turn   | Place    | Note
-------+----------+-------------------------------------------
     0 | D        | BigDaddyOpFi the Demonspawn Fighter began the quest for the
                  | Orb.
     0 | D        | Reached XP level 1. HP: 18/18 MP: 1/1
    13 | D        | Gained mutation: You are partially covered in razor-sharp
                  | scales. (AC +1, Slay +1) [demonic ancestry]
    13 | D        | Reached XP level 2. HP: 24/24 MP: 2/2
    17 | D        | Found a bloodstained altar of Trog.
    17 | D        | Found a shimmering blue altar of Sif Muna.
    17 | D        | Found a viscous altar of Jiyva.
    17 | D        | Found a hazy altar of Hepliaklqana.
    17 | D        | Found an opulent altar of Gozag.
    18 | D        | Found a basalt altar of Yredelemnul.
    18 | D        | Found a shimmering altar of Xom.
    18 | D        | Found an ornate altar of the Wu Jian Council.
    18 | D        | Found a sacrificial altar of Ru.
    18 | D        | Found a stormy altar of Qazlal.
    18 | D        | Found an iron altar of Okawaru.
    18 | D        | Found a sparkling altar of Nemelex Xobeh.
    18 | D        | Found a burning altar of Makhleb.
    18 | D        | Found a blossoming altar of Fedhas.
    18 | D        | Found a shadowy altar of Dithmenos.
    18 | D        | Found a snail-covered altar of Cheibriados.
    19 | D        | Found a radiant altar of Vehumet.
    19 | D        | Found a corrupted altar of Lugonu.
    20 | D        | Found a hide-covered altar of Uskayaw.
    20 | D        | Found an ancient bone altar of Kikubaaqudgha.
    20 | D        | Found a broken altar of Ashenzari.
    24 | D        | Became a worshipper of Qazlal Stormbringer
    62 | D        | Reached skill level 1 in Invocations
    73 | D        | Reached * piety under Qazlal
   228 | D        | Reached ** piety under Qazlal
   229 | D        | Reached skill level 4 in Fighting
   229 | D        | Gained mutation: You have a pair of small antennae on your
                  | head. [demonic ancestry]
   229 | D        | Reached XP level 3. HP: 12/30 MP: 3/5
   229 | D        | Mangled by a gnoll

Illustrated notes

Levels and vault maps discovered:
D:        pitsprint [storerooms_1, entrance_room_1, metal_vault_2, armoury_1,
          mini_pit_1, grid_room_1, main_hall_1, silver_pit, the_coven_2,
          the_vestibule_1, steel_vault_4, golden_pit, hallway_of_sentries,
          crystal_vault_3, iron_vault_1, final_vault]

Skill      XL: |  1  2 |
---------------+-------+-----
Axes           | 2 3 |  3.0
Armour         | 3 |  3.6
Shields        | 3 |  3.6
Invocations    | 2 |  2.9
Fighting       | 4 |  4.0

Action                     || total
---------------------------++-------
  Melee: War axe           ||    29
 Armour: Scale mail        ||    17
  Dodge: Dodged            ||    21
  Block: Buckler           ||    13

Table legend: (Time is in decaauts)
 A = Elapsed time spent in this place.
 B = Non-inter-level travel time spent in this place.
 C = Inter-level travel time spent in this place.
 D = Time resting spent in this place.
 E = Time spent auto-exploring this place.
 F = Levels seen in this place.
 G = Mean time per level.
                   A        B        C        D        E       F      G
               +--------+--------+--------+--------+--------+-----+--------+
         Total |    240 |    240 |      0 |    128 |      0 |   1 |  240.0 |
       Dungeon |    240 |    240 |      0 |    128 |      0 |   1 |  240.0 |
               +--------+--------+--------+--------+--------+-----+--------+

Top non-repeatable levels by time:
       D: 240 daAuts
